[Event "*** Titled Tuesday Blitz"]
[Site "Chess.com"]
[Date "2020.04.14"]
[Round "3"]
[White "vugarrasulov"]
[Black "michaelk123"]
[Result "1-0"]
[WhiteElo "2743"]
[BlackElo "2453"]
[TimeControl "180+1"]
[EndTime "10:26:40 PDT"]
[Termination "vugarrasulov won on time"]

1. d4 Nf6 2. Nc3 d5 3. Bf4 g6 4.
Qd2 Bg7 5. O-O-O c5 6. dxc5 O-O 7. Bh6 Qa5 8. Bxg7 Kxg7 9. Nf3 Nc6 10. e3 Qxc5 11.
Nd4 Bd7 12. Nb3 Qb6 13. Nxd5 Nxd5 14. Qxd5 Rfd8 15. Qc5 Qc7 16. Bb5 Rac8 17. Rd2 Kg8 18. Rhd1 Bf5 19. Rxd8+ Rxd8 20. Rxd8+ Qxd8 21. Bxc6 bxc6 22.
Nd4 Qd7 23. f3 Kg7 24. Qxc6 Qd8 25. Qc5 Bd7 26. Qxa7 h5 27. Qc5 h4 28. h3 Qb8 29.
f4 Qa8 30. Qxe7 Bc8 31. Qe5+ Kg8 32. Qe8+ Kg7 33. f5 Qxg2 34. Qxc8 Qf1+ 35. Kd2 Qf2+ 36. Ne2 1-0

[Event "*** Titled Tuesday Blitz"]
[Site "Chess.com"]
[Date "2020.04.14"]
[Round "3"]
[White "realmadridtv"]
[Black "Ziyamammadov"]
[Result "1/2-1/2"]
[WhiteElo "2396"]
[BlackElo "1797"]
[TimeControl "180+1"]
[EndTime "10:26:40 PDT"]
[Termination "Game drawn by agreement"]

1. e4 e6 2. b3 d5 3. Bb2 dxe4 4. Nc3 Nf6 5. g4 h6 6. Bg2 Bc5 7. Qe2 e5 8. h3 Nc6 9. Nxe4 Nxe4 10. Qxe4 O-O 11.
Nf3 Be6 12. Nxe5 Re8 13. O-O-O Nb4 14. d4 Bb6 15. c4 Nxa2+ 16. Kb1 Nb4 17. d5 Bd7 18.
Qf4 f6 19. Ng6 Re2 20. Rd2 Qe8 21. Rhd1 Qxg6+ 22. Ka1 Nc2+ 23. Ka2 Nb4+ 24. Ka1 Nc2+ 25. Ka2 1/2-1/2

[Event "*** Titled Tuesday Blitz"]
[Site "Chess.com"]
[Date "2020.04.14"]
[Round "3"]
[White "Charlottemillard17"]
[Black "krasavetc"]
[Result "0-1"]
[WhiteElo "1375"]
[BlackElo "2499"]
[TimeControl "180+1"]
[EndTime "10:26:40 PDT"]
[Termination "krasavetc won by checkmate"]

1. e4 c5 2. c3 d6 3. d4 cxd4 4.
cxd4 Nf6 5. Nc3 e6 6. Bc4 Be7 7. Nf3 O-O 8. O-O Nxe4 9. Nxe4 d5 10. Bxd5 exd5 11. Ng3 Nc6 12. Re1 Bg4 13. h3 Bxf3 14.
Qxf3 Nxd4 15. Qd3 Bf6 16. Be3 Nc6 17. Bc5 Re8 18. Nh5 Bxb2 19. Rxe8+ Qxe8 20. Rb1 Qe5 21. Qf3 g6 22. Nf4 Bd4 23. Bxd4 Nxd4 24. Qg3 Qxf4 25. Qd3 Re8 26. g3 Qe4 27. Qc3 Ne2+ 28. Kh2 Nxc3 29. Rxb7 Qf3 30. Rxa7 Qxf2+ 31. Kh1 Re1# 0-1

[Event "*** Titled Tuesday Blitz"]
[Site "Chess.com"]
[Date "2020.04.14"]
[Round "3"]
[White "stoleriu"]
[Black "exoticprincess"]
[Result "0-1"]
[WhiteElo "2470"]
[BlackElo "2784"]
[TimeControl "180+1"]
[EndTime "10:26:41 PDT"]
[Termination "exoticprincess won by resignation"]

1. e4 c6 2. Nc3 d5 3. d4 dxe4 4. Nxe4 Nf6 5. Nxf6+ exf6 6. Bc4 Bd6 7. Qe2+ Kf8 8. h4 h5 9. Be3 g6 10. O-O-O Kg7 11. f3 Nd7 12. g4 Nb6 13. Bb3 Nd5 14.
Bd2 Nf4 15. Bxf4 Bxf4+ 16. Kb1 a5 17. a4 b5 18. Nh3 Bd6 19. Nf2 f5 20. g5 Rb8 21. Nd3 Qb6 22. Ne5 Rf8 23. Rhe1 bxa4 24. Nc4 Ba6 25. Nxb6 Bxe2 26. Rxe2 axb3 27. Nd7 Rbe8 28.
Rde1 Rxe2 29. Rxe2 Bg3 30. cxb3 Bxh4 31. Rc2 Rd8 32. Ne5 Rxd4 33. Rxc6 Bxg5 34. Rc7 Rd1+ 35. Ka2 h4 36. Rxf7+ Kh6 37. Rf8 Bf4 38. Rh8+ Kg7 39.
Rh5 0-1

[Event "*** Titled Tuesday Blitz"]
[Site "Chess.com"]
[Date "2020.04.14"]
[Round "3"]
[White "Shahinyan_ChessMood"]
[Black "poliplaza"]
[Result "1-0"]
[WhiteElo "2677"]
[BlackElo "2373"]
[TimeControl "180+1"]
[EndTime "10:26:42 PDT"]
[Termination "Shahinyan_ChessMood won by checkmate"]

1. e4 c5 2. Nc3 e6 3. g3 Nc6 4. Bg2 Nf6 5. d3 Be7 6. f4 d5 7. e5 Nd7 8. Nf3 b5 9. O-O Rb8 10. Ne2 a5 11. g4 b4 12. Qe1 Ba6 13. f5 O-O 14. Nf4 exf5 15. gxf5 Nb6 16. Qg3 Kh8 17. Nh5 Rg8 18. Ng5 Nxe5 19. Nxh7 Kxh7 20. Qh3 Bh4 21. Rf4 Ng6 22. fxg6+ fxg6 23. Rxh4 gxh5 24. Rxh5+ Kg6 25. Qf5# 1-0

[Event "*** Titled Tuesday Blitz"]
[Site "Chess.com"]
[Date "2020.04.14"]
[Round "3"]
[White "figo13"]
[Black "BaMBoMaTTo"]
[Result "0-1"]
[WhiteElo "2349"]
[BlackElo "2722"]
[TimeControl "180+1"]
[EndTime "10:26:43 PDT"]
[Termination "BaMBoMaTTo won by resignation"]

1. d4 Nf6 2. c4 e6 3. Nc3 Bb4 4. e3 O-O 5. Nf3 d5 6. a3 Bxc3+ 7. bxc3 c5 8. Be2 dxc4 9. Bxc4 Qc7 10. Be2 Nc6 11. O-O Rd8 12. Qc2 e5 13. Bb2 Bg4 14. dxe5 Nxe5 15. c4 Nxf3+ 16. gxf3 Bh3 17. Rfd1 Qc6 18.
Qc3 Ne8 19. Kh1 Be6 20. Rg1 f6 21. Rg3 Rd7 22. Rag1 Rad8 23. e4 Qd6 24. f4 Qxf4 25.
Qe3 Qxe3 26. Rxe3 Rd2 27. Bc3 Ra2 28. Be1 Nd6 29. f3 Bxc4 30. Bd1 Nb5 31. Bb3 Bxb3 32. Rxb3 a6 33. Bg3 Rxa3 0-1

[Event "*** Titled Tuesday Blitz"]
[Site "Chess.com"]
[Date "2020.04.14"]
[Round "3"]
[White "cassoulet"]
[Black "xberli"]
[Result "1-0"]
[WhiteElo "2708"]
[BlackElo "2440"]
[TimeControl "180+1"]
[EndTime "10:26:44 PDT"]
[Termination "cassoulet won by resignation"]

1. e4 c5 2. Nf3 d6 3. d4 cxd4 4.
Nxd4 Nf6 5. Nc3 a6 6. g3 e5 7. Nde2 Be7 8. Bg2 O-O 9. O-O Be6 10. h3 Nbd7 11. g4 Rc8 12. Ng3 b5 13. a3 Nb6 14. g5 Nfd7 15. f4 exf4 16. Bxf4 Bxg5 17. Bxd6 Nc4 18. Bxf8 Qxf8 19. Nd5 Nde5 20. b3 Ne3 21.
Nxe3 Bxe3+ 22. Kh1 Qc5 23. Nf5 Bg5 24. Qd4 Qc7 25.
Rad1 h6 26. Nd6 Nc6 27. Qc3 Bf6 28. Rxf6 gxf6 29. Nxc8 Qxc8 30. e5 Ne7 31. Qxc8+ Nxc8 32. exf6 h5 33. Rd8+ Kh7 34. Be4+ Kh6 35. h4 1-0

[Event "*** Titled Tuesday Blitz"]
[Site "Chess.com"]
[Date "2020.04.14"]
[Round "3"]
[White "wnstop"]
[Black "diskeleven"]
[Result "1-0"]
[WhiteElo "2582"]
[BlackElo "2331"]
[TimeControl "180+1"]
[EndTime "10:26:44 PDT"]
[Termination "wnstop won by resignation"]

1. d4 f5 2. Nf3 Nf6 3. c4 e6 4.
e3 d5 5. Bd3 c6 6. O-O Bd6 7.
b3 Qe7 8. Bb2 b6 9. Qc1 Nbd7 10.
cxd5 cxd5 11. Ba3 Bxa3 12. Qxa3 Bb7 13. Qxe7+ Kxe7 14. Nc3 Rhc8 15. Rfc1 h6 16. h4 Ne4 17. Ne2 Nd6 18. Kf1 a5 19. Ke1 Nf7 20. Nf4 g5 21. Ng6+ Kf6 22. h5 g4 23. Ng1 Kg5 24. Nf4 Kf6 25.
Bb5 Ke7 26. Nge2 Nf6 27. f3 Nd6 28. Bd3 Ba6 29. Bxa6 Rxa6 30. Rxc8 Nxc8 31. Rc1 Ra8 32. Ng6+ Kd6 33. Nef4 Na7 34. Ne5 Rh8 35. Nf7+ 1-0

[Event "*** Titled Tuesday Blitz"]
[Site "Chess.com"]
[Date "2020.04.14"]
[Round "3"]
[White "ChessWarrior7197"]
[Black "stanyga"]
[Result "1-0"]
[WhiteElo "2912"]
[BlackElo "2666"]
[TimeControl "180+1"]
[EndTime "10:26:45 PDT"]
[Termination "ChessWarrior7197 won by resignation"]

1. e4 g6 2. d4 Bg7 3. Nf3 d6 4. Be2 Nf6 5. Nc3 c6 6. O-O O-O 7. a4 a5 8. h3 Na6 9. Be3 Nb4 10. Nd2 e5 11. dxe5 dxe5 12. Nc4 Qxd1 13. Raxd1 Nxc2 14.
Bc5 Re8 15. Nb6 Rb8 16. Bd6 Be6 17. Bxb8 Rxb8 18. Bc4 Bxc4 19. Nxc4 Nd4 20. Nxe5 Nxe4 21. Nxc6 bxc6 22. Nxe4 f5 23. Nd6 Rxb2 24. Rb1 Ne2+ 25. Kh1 Rxb1 26. Rxb1 Nc3 27. Rc1 Kf8 28. Nb7 Nxa4 29.
Rxc6 Nc3 30. Rc8+ Kf7 31. Rc7+ Kf8 32. Nc5 Be5 33. Nd7+ Ke7 34. Nxe5+ Kd6 35. Rxc3 1-0

[Event "*** Titled Tuesday Blitz"]
[Site "Chess.com"]
[Date "2020.04.14"]
[Round "3"]
[White "Benjoneliere44"]
[Black "Trickov"]
[Result "1-0"]
[WhiteElo "2646"]
[BlackElo "2267"]
[TimeControl "180+1"]
[EndTime "10:26:45 PDT"]
[Termination "Benjoneliere44 won by resignation"]

1. d4 d5 2. c4 c6 3. cxd5 cxd5 4. Nc3 Nf6 5. Bf4 Nc6 6. e3 Qb6 7. Qd2 a6 8. Bd3 Bg4 9. Nge2 e6 10. O-O Be7 11. Rfc1 O-O 12. a3 Rfc8 13. Na4 Qd8 14. Nc5 Na5 15. Rc3 b5 16. f3 Bh5 17. Rac1 Nc4 18.
Qc2 Bg6 19. Bxg6 hxg6 20. Nd3 Rc6 21. Ne5 Nxe5 22. Rxc6 Nxc6 23. Qxc6 b4 24. a4 b3 25. Rc3 Qa5 26. Qxa8+ 1-0

[Event "*** Titled Tuesday Blitz"]
[Site "Chess.com"]
[Date "2020.04.14"]
[Round "3"]
[White "Anurag328"]
[Black "DIM90"]
[Result "1-0"]
[WhiteElo "2757"]
[BlackElo "2250"]
[TimeControl "180+1"]
[EndTime "10:26:45 PDT"]
[Termination "Anurag328 won by resignation"]

1. c4 e5 2. Nc3 Bb4 3. g3 Nf6 4. Bg2 O-O 5. d3 Re8 6. Bd2 c6 7. Nf3 d5 8. cxd5 cxd5 9. O-O Nc6 10. a3 Ba5 11. b4 Bb6 12. Bg5 e4 13. Bxf6 gxf6 14. Nh4 e3 15. fxe3 Bxe3+ 16. Kh1 d4 17. Ne4 Rxe4 18. Bxe4 Bh3 19. Bg2 Bxg2+ 20. Nxg2 Qd5 21.
Rxf6 Ne5 22. Qf1 Ng4 23. Rf5 Qc6 24. b5 Qh6 25. Nh4 Bg5 26. Qf3 Ne3 27. Rxf7 Bxh4 28. gxh4 1-0

[Event "*** Titled Tuesday Blitz"]
[Site "Chess.com"]
[Date "2020.04.14"]
[Round "3"]
[White "RD4ever"]
[Black "kayrakamer"]
[Result "1-0"]
[WhiteElo "2863"]
[BlackElo "2573"]
[TimeControl "180+1"]
[EndTime "10:26:50 PDT"]
[Termination "RD4ever won by checkmate"]

1. e4 c5 2. Nf3 e6 3. d4 cxd4 4. Nxd4 a6 5. Nc3 b5 6. Bd3 Qb6 7. Nf3 Bb7 8. O-O Be7 9. Re1 Qc7 10. Bd2 Nc6 11. e5 f5 12. Bxf5 exf5 13. Nd5 Qd8 14. Be3 Qb8 15. Bb6 Bd8 16. Nf6+ gxf6 17. exf6+ Kf8 18. Bc5+ Nge7 19. Qxd7 Qc7 20. fxe7+ Nxe7 21. Bxe7+ Kf7 22. Qe6+ Kg7 23. Qf6+ Kg8 24. Qf8# 1-0

[Event "*** Titled Tuesday Blitz"]
[Site "Chess.com"]
[Date "2020.04.14"]
[Round "3"]
[White "milovanratkovic"]
[Black "Angry_Twin"]
[Result "0-1"]
[WhiteElo "2488"]
[BlackElo "2827"]
[TimeControl "180+1"]
[EndTime "10:26:50 PDT"]
[Termination "Angry_Twin won by resignation"]

1. d4 Nf6 2. Nf3 d5 3. c4 e6 4. Nc3 c6 5. e3 Nbd7 6. Qc2 Bd6 7. b3 b6 8. Bb2 Bb7 9. Be2 O-O 10. O-O Qe7 11.
Rad1 Rad8 12. e4 dxe4 13. Nxe4 Nxe4 14. Qxe4 f5 15. Qc2 c5 16. d5 e5 17. Ne1 e4 18. f4 exf3 19. Nxf3 Nf6 20. Bd3 Ne4 21. Rde1 Rde8 22. Re2 Bc8 23. Rfe1 Qf7 24. Qc1 Qh5 25. Bxe4 fxe4 26. Rxe4 Rxe4 27. Rxe4 Rxf3 28. gxf3 Qxh2+ 29. Kf1 Bg3 30. Re8+ Kf7 31. Re7+ Kxe7 32. Qg5+ Ke8 33. Qe3+ Kf7 0-1

[Event "*** Titled Tuesday Blitz"]
[Site "Chess.com"]
[Date "2020.04.14"]
[Round "3"]
[White "Harry_Rakkel"]
[Black "Haridaskesavan"]
[Result "1-0"]
[WhiteElo "2521"]
[BlackElo "2215"]
[TimeControl "180+1"]
[EndTime "10:26:50 PDT"]
[Termination "Harry_Rakkel won by resignation"]

1. d4 Nf6 2. c4 g6 3. Nc3 Bg7 4. e4 O-O 5. f3 d6 6. Nge2 c6 7. Be3 a6 8. Qd2 e5 9. O-O-O Nbd7 10. dxe5 dxe5 11. Kb1 Qe7 12. Nc1 Nc5 13. Qd6 Qxd6 14. Rxd6 Ne6 15. Nb3 Re8 16. Na4 Bf8 17. Rd1 Nd7 18.
c5 Rb8 19. Bc4 Kg7 20. Rd2 Be7 21. Rhd1 Ndf8 22. Nb6 Bd8 23. g3 Bxb6 24. cxb6 f6 25. a4 Ng5 26. Bxg5 fxg5 27. Nc5 Kf6 28. g4 Ke7 29. a5 h5 30. h3 Kf6 31. b4 Ke7 32. Kb2 Kf6 33. Kc3 Ke7 34. Rd6 Ne6 35. Bxe6 1-0

[Event "*** Titled Tuesday Blitz"]
[Site "Chess.com"]
[Date "2020.04.14"]
[Round "3"]
[White "MathiasWomacka"]
[Black "Elshan1985"]
[Result "0-1"]
[WhiteElo "2424"]
[BlackElo "2696"]
[TimeControl "180+1"]
[EndTime "10:26:52 PDT"]
[Termination "Elshan1985 won by resignation"]

1. e4 e6 2. d4 d5 3. Nd2 c5 4. exd5 Qxd5 5. dxc5 Bxc5 6. Ngf3 Nf6 7. Bc4 Qc6 8. Qe2 O-O 9. O-O a6 10. Bd3 Nbd7 11.
Ne4 Be7 12. Bg5 h6 13. Bh4 Nd5 14. Bxe7 Nxe7 15. Ng3 Nf6 16. Ne5 Qc7 17. Rfe1 b6 18. Nh5 Nxh5 19. Qxh5 Bb7 20. Re3 f5 21. Bc4 Bd5 22.
Bxd5 Nxd5 23. Ree1 Qxc2 24. Nd7 Rfd8 25. Rxe6 Nf4 26.
Rf6 0-1

[Event "*** Titled Tuesday Blitz"]
[Site "Chess.com"]
[Date "2020.04.14"]
[Round "3"]
[White "HashtagChess"]
[Black "Durarbayli"]
[Result "0-1"]
[WhiteElo "1640"]
[BlackElo "2818"]
[TimeControl "180+1"]
[EndTime "10:26:52 PDT"]
[Termination "Durarbayli won by resignation"]

1. e4 c5 2. Nf3 d6 3. d4 cxd4 4. Nxd4 Nf6 5. Nc3 Nc6 6. Bg5 Qb6 7. Nb3 e6 8. Qd2 Be7 9. f4 h6 10. Bh4 Nxe4 11. Nxe4 Bxh4+ 12. g3 Be7 13. Nxd6+ Bxd6 14. Qxd6 Qe3+ 15. Be2 e5 16. Qd3 exf4 17. gxf4 Qxf4 18. Rf1 Qh4+ 19. Qg3 Qxg3+ 20. hxg3 O-O 21. O-O-O Bh3 22. Rh1 Bf5 23. g4 Bg6 24. Bf3 Rac8 25. Rh2 Nb4 26.
Nd4 Nxa2+ 27. Kb1 Nb4 28. Bxb7 Rc7 29. Bf3 Rd8 30. Rdd2 Rcd7 31. Kc1 Rxd4 0-1

[Event "*** Titled Tuesday Blitz"]
[Site "Chess.com"]
[Date "2020.04.14"]
[Round "3"]
[White "binbin239"]
[Black "Duong57"]
[Result "1-0"]
[WhiteElo "2446"]
[BlackElo "2203"]
[TimeControl "180+1"]
[EndTime "10:26:52 PDT"]
[Termination "binbin239 won by resignation"]

1. d4 d5 2. c4 e6 3. Nf3 c6 4. Qc2 Nf6 5. g3 dxc4 6. Qxc4 b5 7.
Qc2 Bb7 8. Bg2 a6 9. O-O Nbd7 10. a4 Be7 11. Rd1 O-O 12. Ne5 Nxe5 13. dxe5 Nd5 14.
Nc3 Qb6 15. axb5 axb5 16. Rxa8 Rxa8 17. Nxd5 cxd5 18. Be3 Qd8 19. Qb3 b4 20. Bd2 Ba6 21. e3 Bc4 22. Qc2 b3 23. Qc1 Ra2 24. Bc3 h6 25. e4 Qa8 26. exd5 exd5 27. Qd2 Ra1 28. h4 Rxd1+ 29. Qxd1 Bc5 30. Qg4 Qa7 31. e6 Bxf2+ 32.
Kh2 fxe6 33. Qxe6+ Qf7 34. Qc8+ Kh7 35. Bh3 Bd3 36.
Be6 Qf3 37. Qg8+ Kg6 38. Qxg7+ Kh5 39. Bf7+ 1-0

[Event "*** Titled Tuesday Blitz"]
[Site "Chess.com"]
[Date "2020.04.14"]
[Round "3"]
[White "MokshAD1603"]
[Black "KlyashtornyVladislav"]
[Result "1-0"]
[WhiteElo "2345"]
[BlackElo "2138"]
[TimeControl "180+1"]
[EndTime "10:26:52 PDT"]
[Termination "MokshAD1603 won by resignation"]

1. d4 d5 2. Nf3 e6 3. c4 f5 4. g3 Nf6 5. Bg2 Nbd7 6. O-O Bd6 7. c5 Be7 8. b4 Ne4 9. Bb2 Bf6 10. Nc3 g5 11. e3 g4 12. Nxe4 dxe4 13. Nd2 h5 14.
Nc4 h4 15. Qb3 Qe7 16. Rfd1 Qh7 17. d5 hxg3 18. hxg3 exd5 19. Rxd5 Qg6 20. Rad1 Nf8 21. Qa4+ c6 22. Nd6+ Ke7 23. Bxf6+ Qxf6 24. R1d2 Be6 25. R5d4 Nd7 26. Nxb7 Ne5 27. Qa5 Rac8 28. Qxa7 Rc7 29. Qb6 Rhc8 30. Nd6 Nf3+ 31. Bxf3 gxf3 32. Nxc8+ Rxc8 33.
Rd8 Qa1+ 34. Rd1 Qxa2 35. Qb7+ Kf6 36. Rxc8 1-0

[Event "*** Titled Tuesday Blitz"]
[Site "Chess.com"]
[Date "2020.04.14"]
[Round "3"]
[White "Alexander_Zubov"]
[Black "vlad_Sid"]
[Result "1-0"]
[WhiteElo "2877"]
[BlackElo "2647"]
[TimeControl "180+1"]
[EndTime "10:26:53 PDT"]
[Termination "Alexander_Zubov won by resignation"]

1. e4 c6 2. Nf3 d5 3. d3 Bg4 4.
h3 Bh5 5. Qe2 dxe4 6. dxe4 Nd7 7.
Nc3 e5 8. g4 Bg6 9. h4 h5 10.
g5 Bc5 11. Bh3 Qc7 12. Bxd7+ Kxd7 13. Be3 Be7 14. O-O-O+ Ke8 15. Qc4 f6 16. Nd5 Qb8 17. Nxe7 Nxe7 18. gxf6 gxf6 19. Qe6 Qc7 20. Rhg1 Rg8 21.
Qxf6 Rf8 22. Qe6 Bf7 23. Qxe5 Qxe5 24. Nxe5 Rg8 25. f4 Ng6 26. Nxf7 Kxf7 27. Rd7+ Ne7 28. Rxg8 Rxg8 29. Bc5 1-0

[Event "*** Titled Tuesday Blitz"]
[Site "Chess.com"]
[Date "2020.04.14"]
[Round "3"]
[White "GMNeiksans"]
[Black "Leonid_Starozhilov"]
[Result "0-1"]
[WhiteElo "2845"]
[BlackElo "2653"]
[TimeControl "180+1"]
[EndTime "10:26:53 PDT"]
[Termination "Leonid_Starozhilov won by resignation"]

1. e4 d6 2. d4 Nf6 3. Nc3 e5 4. Nge2 c6 5. a4 a5 6. g3 Be7 7. Bg2 O-O 8. O-O Nbd7 9. h3 exd4 10. Nxd4 Nc5 11. Re1 Re8 12. g4 Qb6 13. g5 Nfd7 14.
Nf5 Qc7 15. Bf4 Ne5 16. Nxe7+ Qxe7 17. b3 Ne6 18. Be3 Nxg5 19. f4 Nxh3+ 20. Bxh3 Bxh3 21. fxe5 Qxe5 22. Qd2 Qg3+ 23. Kh1 Bg4 24. Rf1 Bf3+ 25.
Rxf3 Qxf3+ 26. Kg1 Re6 27. Bf2 Rh6 28. Qxh6 gxh6 29. Bd4 c5 0-1

[Event "*** Titled Tuesday Blitz"]
[Site "Chess.com"]
[Date "2020.04.14"]
[Round "3"]
[White "MFBerna"]
[Black "WiktoriaPOL"]
[Result "1-0"]
[WhiteElo "2337"]
[BlackElo "2116"]
[TimeControl "180+1"]
[EndTime "10:26:53 PDT"]
[Termination "MFBerna won by resignation"]

1. e4 c5 2. Nf3 g6 3. d4 cxd4 4. Nxd4 Nc6 5. Nc3 Bg7 6. Be3 Nf6 7. Be2 O-O 8. Nb3 e6 9. O-O d5 10. exd5 Nxd5 11. Nxd5 exd5 12. c3 a5 13. a4 Be6 14.
Nc5 Qc7 15. Qb3 Rab8 16. Bf3 Rfd8 17. Nxe6 fxe6 18. Bb6 Qd7 19. Bxd8 Rxd8 20. Rfe1 e5 21. Rad1 Ne7 22. c4 d4 23. c5+ Kh8 24. Qxb7 Qxb7 25.
Bxb7 Rd7 26. c6 Rc7 27. Rc1 Nf5 28. b4 axb4 29. a5 b3 30. a6 b2 31. Rb1 1-0

[Event "*** Titled Tuesday Blitz"]
[Site "Chess.com"]
[Date "2020.04.14"]
[Round "3"]
[White "hypert"]
[Black "PawnEatingZombie"]
[Result "0-1"]
[WhiteElo "2495"]
[BlackElo "2146"]
[TimeControl "180+1"]
[EndTime "10:26:54 PDT"]
[Termination "PawnEatingZombie won by resignation"]

1. e4 c6 2. Nf3 d5 3. Nc3 dxe4 4.
Nxe4 Nf6 5. Nxf6+ exf6 6. d4 Bd6 7. c3 O-O 8. Bd3 Re8+ 9. Be3 Nd7 10. Qc2 Nf8 11. O-O-O Qc7 12. h3 a5 13. Kb1 a4 14. g4 a3 15. b3 c5 16. d5 Bd7 17. Nd2 b5 18. c4 b4 19. Ne4 Ng6 20. Nxd6 Qxd6 21. Bf5 Bxf5 22. Qxf5 Re5 23. Qd3 Rae8 24.
Rde1 Re4 25. Qd2 Nh4 26. Re2 Nf3 27. Qd1 Nd4 28. Ree1 Qe5 29. Bxd4 cxd4 30. Rxe4 Qxe4+ 31. Qc2 Qxh1+ 32. Qc1 Re1 0-1

[Event "*** Titled Tuesday Blitz"]
[Site "Chess.com"]
[Date "2020.04.14"]
[Round "3"]
[White "blazingbanana"]
[Black "politeplayer"]
[Result "1-0"]
[WhiteElo "2397"]
[BlackElo "2186"]
[TimeControl "180+1"]
[EndTime "10:26:54 PDT"]
[Termination "blazingbanana won by resignation"]

1. d4 Nf6 2. c4 c5 3. d5 e6 4. Nc3 exd5 5. cxd5 d6 6. e4 g6 7. Bd3 Bg7 8. Nge2 O-O 9. O-O Re8 10. f3 a6 11. a4 Nbd7 12. a5 b5 13. Bg5 c4 14.
Bc2 Qc7 15. Nd4 b4 16. Nce2 b3 17. Bb1 Bb7 18. Kh1 Rac8 19. Qd2 Nc5 20. Bh6 Nfd7 21. Bxg7 Kxg7 22. Qg5 Re5 23. Nf5+ Kh8 24. Neg3 gxf5 25. exf5 Rg8 26. Qh6 Nd3 27. Bxd3 cxd3 28. f4 Re3 29. f6 Rexg3 30. hxg3 Bxd5 31. Rae1 Qc2 32. Rg1 Rxg3 33. Re8+ 1-0

[Event "*** Titled Tuesday Blitz"]
[Site "Chess.com"]
[Date "2020.04.14"]
[Round "3"]
[White "Sebastian"]
[Black "Sjakkerntobi"]
[Result "1-0"]
[WhiteElo "2992"]
[BlackElo "2259"]
[TimeControl "180+1"]
[EndTime "10:26:55 PDT"]
[Termination "Sebastian won by resignation"]

1. e4 e6 2. d4 d5 3. Nc3 Bb4 4. e5 Ne7 5. a3 Bxc3+ 6. bxc3 c5 7. h4 Qc7 8. h5 h6 9. Rb1 b6 10. Qg4 Kf8 11. Rh3 Ba6 12. Bxa6 Nxa6 13. Qf4 cxd4 14.
Rf3 Nc6 15. cxd4 Kg8 16. Ne2 Rf8 17. Rg3 Kh7 18. Rxg7+ Kxg7 19. Qf6+ Kh7 20. Rb3 Ne7 21. Qxh6+ Kg8 22. Qg5+ Kh7 23. Rc3 Qd7 24. Qh6+ Kg8 25. Rg3+ Ng6 26. Qg5 Rh7 27. hxg6 Rg7 28. Nf4 fxg6 29.
Nxg6 Rf5 30. Ne7+ 1-0

[Event "*** Titled Tuesday Blitz"]
[Site "Chess.com"]
[Date "2020.04.14"]
[Round "3"]
[White "Rozum_Ivan"]
[Black "dukicz123"]
[Result "1-0"]
[WhiteElo "2778"]
[BlackElo "2560"]
[TimeControl "180+1"]
[EndTime "10:26:57 PDT"]
[Termination "Rozum_Ivan won by resignation"]

1. d4 Nf6 2. Nf3 g6 3. c4 Bg7 4. g3 O-O 5. Bg2 d6 6. O-O Nc6 7. Nc3 a6 8. b3 Rb8 9. d5 Na5 10. Bg5 c5 11. dxc6 bxc6 12. Qd2 c5 13. Rad1 Bf5 14.
Rfe1 Ne4 15. Nxe4 Bxe4 16. Bxe7 Qxe7 17. Qxa5 Bb7 18. Nh4 Bxg2 19. Nxg2 Rfd8 20. Ne3 Qb7 21. Nd5 Re8 22. Rd3 Re6 23. e3 Re4 24. Red1 Qc8 25.
Nc3 Bxc3 26. Qxc3 Qh3 27. Rxd6 Rbe8 28. Rd8 h5 29. Qf6 Qg4 30. R1d7 Qe6 31. Rxe8+ Qxe8 32. Rd8 1-0

[Event "*** Titled Tuesday Blitz"]
[Site "Chess.com"]
[Date "2020.04.14"]
[Round "3"]
[White "EvgenyRomanov"]
[Black "Mbneu"]
[Result "1-0"]
[WhiteElo "2299"]
[BlackElo "2218"]
[TimeControl "180+1"]
[EndTime "10:26:57 PDT"]
[Termination "EvgenyRomanov won by resignation"]

1. d4 Nf6 2. Nf3 c5 3. d5 e6 4. Nc3 exd5 5. Nxd5 b5 6. Bg5 Be7 7. e4 Nxd5 8. Qxd5 Nc6 9. Bxe7 Qxe7 10. Bxb5 Bb7 11.
O-O-O O-O-O 12. Qc4 Rhe8 13. Rhe1 f6 14. Ba6 d6 15. Re3 Na5 16. Qb5 Qc7 17. Ra3 Nc6 18. Rb3 Na5 19. Bxb7+ Nxb7 20. Nd2 d5 21. exd5 Rxd5 22.
Qxe8+ 1-0

[Event "*** Titled Tuesday Blitz"]
[Site "Chess.com"]
[Date "2020.04.14"]
[Round "3"]
[White "Misticpikachu"]
[Black "m-garcett"]
[Result "1-0"]
[WhiteElo "2291"]
[BlackElo "2004"]
[TimeControl "180+1"]
[EndTime "10:26:58 PDT"]
[Termination "Misticpikachu won by resignation"]

1. c4 Nf6 2. Nc3 g6 3. e4 d6 4.
d4 Bg7 5. h3 c5 6. Nf3 O-O 7.
Be3 Na6 8. Be2 b6 9. O-O Bb7 10. d5 Nc7 11. a4 a6 12. Re1 e5 13. Qd2 Nh5 14. Bh6 Nf4 15. Bxf4 exf4 16. Qxf4 b5 17.
axb5 axb5 18. Rxa8 Bxa8 19. cxb5 Re8 20. b6 Nxd5 21. Nxd5 Bxd5 22. exd5 Qxb6 23. Ng5 f5 24.
Ne6 Be5 25. Qd2 Ra8 26. Bd3 Ra2 27. Bxf5 gxf5 28. Qg5+ Kh8 29. Rxe5 1-0

[Event "*** Titled Tuesday Blitz"]
[Site "Chess.com"]
[Date "2020.04.14"]
[Round "3"]
[White "WastefulJustice"]
[Black "SGchess01"]
[Result "1-0"]
[WhiteElo "2453"]
[BlackElo "2689"]
[TimeControl "180+1"]
[EndTime "10:26:59 PDT"]
[Termination "WastefulJustice won by resignation"]

1. e4 Nf6 2. e5 Nd5 3. d4 d6 4. c4 Nb6 5. exd6 exd6 6. Nc3 Be7 7. Bd3 Nc6 8. Nge2 O-O 9. O-O Bf6 10. b3 Re8 11. d5 Nb4 12. Be3 Nxd3 13. Qxd3 Nd7 14. Bd4 Ne5 15. Qd2 Bf5 16. h3 Qd7 17. f4 Ng6 18.
Bxf6 gxf6 19. Nd4 c5 20. dxc6 bxc6 21. Rae1 Bxh3 22. f5 Rxe1 23. Qxe1 Ne5 24. Ne4 Kh8 25. Nxf6 Qe7 26. Qh4 Kg7 27. Qg5+ Kh8 28. Qh6 1-0

[Event "*** Titled Tuesday Blitz"]
[Site "Chess.com"]
[Date "2020.04.14"]
[Round "3"]
[White "Godzillator"]
[Black "nocnypako"]
[Result "0-1"]
[WhiteElo "2367"]
[BlackElo "2592"]
[TimeControl "180+1"]
[EndTime "10:26:59 PDT"]
[Termination "nocnypako won by resignation"]

1. d4 Nf6 2. c4 g6 3. Nc3 d5 4. Nf3 Bg7 5. h4 dxc4 6. e4 c5 7.
d5 b5 8. e5 Ng4 9. Bf4 b4 10.
Ne4 Nd7 11. e6 fxe6 12. Nfg5 Ndf6 13. Nxf6+ Nxf6 14. dxe6 Qxd1+ 15. Rxd1 h6 16. Nf7 Bxe6 17. Nxh8 Bxh8 18. Be5 Kf7 19. Be2 Ne4 20. Bxh8 Rxh8 21. Rc1 c3 22. bxc3 Nxc3 23. a3 a5 24. axb4 cxb4 25. Bf3 a4 26. Kd2 Rd8+ 27. Kc2 a3 28. g4 Rd4 29. Rhe1 Nb5 30. Re3 Rc4+ 31. Kb1 a2+ 32. Kb2 Rxc1 0-1

[Event "*** Titled Tuesday Blitz"]
[Site "Chess.com"]
[Date "2020.04.14"]
[Round "3"]
[White "FannyDuarteNapoles"]
[Black "nubair1198"]
[Result "1-0"]
[WhiteElo "2292"]
[BlackElo "2799"]
[TimeControl "180+1"]
[EndTime "10:27:01 PDT"]
[Termination "FannyDuarteNapoles won by resignation"]

1. c4 g6 2. Nc3 Bg7 3. d4 Nf6 4. Nf3 O-O 5. e4 d6 6. h3 e5 7. d5 Nh5 8. Be2 f5 9. O-O Nf4 10. Re1 Na6 11. Bf1 Nc5 12. Bxf4 exf4 13. e5 Ne4 14. Nxe4 fxe4 15. Rxe4 Bf5 16. Re1 dxe5 17.
Nxe5 Qd6 18. Nf3 Bxb2 19. Rc1 Bxc1 20. Qxc1 Rfe8 21. Rd1 Re7 22. c5 Qf6 23. Qxf4 Re4 24. Qxc7 Re7 25. Qf4 Re4 26. Qc7 Bxh3 27. Qxb7 Rf8 28.
d6 Rf4 29. d7 Bg4 30. Qd5+ Be6 31. d8=Q Bxd5 32. Qxd5+ Kh8 33. c6 Rf5 34. Qd4 Rc8 35. Qxa7 Qxc6 36. Nd4 Qd6 37. Nxf5 Qf8 38. Qd4+ Kg8 39.
Bc4+ 1-0